 Dungeon Crawl Stone Soup version 0.14-a0-2080-ge317583 (webtiles) character file.

12040 HollowCharge the Carver (level 11, -8/69 HPs)
             Began as a Tengu Fighter on Jan 25, 2014.
             Was a High Priest of Okawaru.
             Mangled by a polar bear (14 damage)
             ... in an ice cave.
             The game lasted 01:24:36 (15637 turns).

HollowCharge the Carver (Tengu Fighter)            Turns: 15637, Time: 01:24:36

HP  -8/69        AC 12     Str 22      XL: 11   Next: 81%
MP  13/15        EV 16     Int  9      God: Okawaru [*****.]
Gold 342         SH 23     Dex 16      Spells:  0 memorised, 10 levels left

rFire  . . .     SeeInvis .     k - +1,+0 long sword
rCold  + . .     Clarity  +     f - +3 ring mail {MR+}
rNeg   . . .     Conserve .     c - +0 shield
rPois  .         rCorr    .     (helmet restricted)
rElec  .         rRot     .     b - +0 cloak
SustAb . .       Spirit   .     H - +0 pair of gloves
rMut   .         Warding  .     (boots unavailable)
Saprov . . .     Stasis   .     o - amulet of clarity
MR     +....                    l - ring of protection from cold
                                g - +5 ring of strength

@: flying, quick, somewhat resistant to hostile enchantments, very unstealthy
A: able to fly, beak, horns 1, talons 3
a: Heroism, Finesse, Renounce Religion


You were in an ice cave.
You worshipped Okawaru.
Okawaru was extremely pleased with you.
You were hungry.

You visited 3 branches of the dungeon, and saw 12 of its levels.
You also visited: Ice Cave.

You collected 602 gold pieces.
You spent 260 gold pieces at shops.

Inventory:

Hand weapons
 k - a +1,+0 long sword (weapon)
 n - a +1,+1 falchion
 t - a +0,+0 great sword
Armour
 b - a +0 cloak (worn)
 c - a +0 shield (worn)
 f - a +3 ring mail of magic resistance (worn)
 H - a +0 pair of gloves (worn)
Magical devices
 h - a wand of paralysis (10)
 i - a wand of slowing (3)
 v - a wand of lightning (6)
 w - a wand of disintegration (9)
 C - a wand of digging (2)
Comestibles
 a - an apple
 d - 9 bread rations
 j - 7 meat rations
 r - 2 beef jerkies
 A - 6 cheeses
Scrolls
 m - 6 scrolls of remove curse
 p - a scroll of fear
 x - a scroll of identify
Jewellery
 g - a +5 ring of strength (left hand)
 l - a ring of protection from cold (right hand)
 o - an amulet of clarity (around neck)
 s - an uncursed ring of protection from cold
Potions
 u - 2 potions of might
 z - 3 potions of speed
 B - 2 potions of flight
 E - 2 potions of invisibility
Books
 e - a book of Spatial Translocations

   Spells                             Type                      Level
   Apportation                        Translocation                1
   Portal Projectile                  Translocation                2
   Blink                              Translocation                2
   Shroud of Golubria                 Charms/Translocation         2
   Teleport Other                     Translocation                3
   Passage of Golubria                Translocation                4


   Skills:
 + Level 8.3 Fighting
 * Level 11.9 Long Blades
 + Level 8.5 Armour
 + Level 8.4 Dodging
 + Level 8.0 Shields


You had 10 spell levels left.
You didn't know any spells.

Dungeon Overview and Level Annotations

Branches:
Dungeon (9/16)             Temple (1/1) D:6            Lair (2/8) D:9
    Orc: D:9-12

Altars:
Ashenzari
Elyvilon
Kikubaaqudgha
Makhleb
Okawaru
Sif Muna
Trog
Vehumet
Xom
Yredelemnul
Zin
the Shining One

Shops:
D:9 =

Annotations:
Lair:1 Piginabag's ghost, powerful FoCK IceCv exclusion: ice statue


Innate Abilities, Weirdness & Mutations

You can fly.
You have a beak for a mouth.
You have claws for feet.
You have a pair of small horns on your head.


Message History

The polar bear rages.
The polar bear bites you!
* * * LOW HITPOINT WARNING * * *
The polar bear claws you but does no damage.
The polar bear claws you.
* * * LOW HITPOINT WARNING * * *
You hit the polar bear. You claw the polar bear. You peck the polar bear.
The polar bear is almost dead.
The polar bear completely misses you. The polar bear barely misses you.
The polar bear barely misses you.
You hit the polar bear.
You claw the polar bear, but do no damage.
The polar bear is almost dead.
The polar bear barely misses you. You block the polar bear's attack.
You block the polar bear's attack.
You hit the polar bear. Your kick misses the polar bear.
You headbutt the polar bear.
The polar bear is almost dead.
The polar bear bites you!
You die...

###.##
#≈≈#......)#..
###..#.#
#≈≈#......##.#
##.#.#..#
#≈≈#......#..#
#.#..##.##
#≈≈#.....##..#
####..###..##
#≈≈##..###..##
##.#..## ##..##
##≈≈##......##
##.#..##
#.#.###≈≈≈≈.#.....#
#....##
##...#≈≈≈≈≈###...##
..#### ###.@UC≈#≈#
##### .## ##.######
## ###


You could see a frost giant and a polar bear (berserk).

Vanquished Creatures
  Maurice (D:8)
  A komodo dragon (Lair:1)
  8 polar bears (IceCv)
  2 hungry ghosts
  A hog (D:7)
  11 yaks
  Eustachio (D:8)
  A hill giant skeleton (D:8)
  Edmund (D:4)
  9 wolves
  A porcupine (Lair:1)
  A necrophage (D:7)
  5 sky beasts
  3 manticores
  A phantom (D:8)
  12 ice beasts
  2 orc warriors
  A black bear (D:8)
  A human (D:7)
  3 ogres
  2 centaurs
  Sigmund (D:7)
  Duvessa (D:4)
  4 water moccasins
  5 giant frogs
  4 agate snails
  6 crimson imps
  5 orc priests
  Dowan (D:4)
  A gnoll shaman (D:8)
  5 iguanas
  8 hounds
  An iron imp (D:8)
  9 orc wizards
  4 scorpions
  A black bear skeleton (D:6)
  4 worker ants
  A goliath beetle (D:6)
  8 sheep
  A mummy (D:7)
  A worker ant zombie (D:7)
  9 adders
  5 gnolls (D:8)
  5 green rats (Lair:2)
  A giant centipede (Lair:1)
  A worm zombie (D:8)
  2 white imps (D:8)
  3 worms
  2 ufetubi (D:8)
  A worm simulacrum (D:8)
  2 grey rats (D:8)
  An iguana zombie (D:6)
  A giant eyeball (D:9)
  A goliath beetle simulacrum (D:8)
  9 giant geckos
  40 orcs
  14 goblins
  16 hobgoblins
  12 bats
  5 giant cockroaches
  A giant gecko skeleton (D:9)
  4 giant newts
  A goblin zombie (D:5)
  A hobgoblin skeleton (D:5)
  18 jackals
  19 kobolds
  3 quokkas
  2 quokka skeletons
  14 rats
  5 ballistomycetes
  3 butterflies (D:6)
  2 fungi
342 creatures vanquished.

Vanquished Creatures (others)
  A centaur (D:7)
  2 giant spores
  5 toadstools (D:1)
8 creatures vanquished.

Grand Total: 350 creatures vanquished

Notes
Turn   | Place    | Note
--------------------------------------------------------------
     0 | D:1      | HollowCharge, the Tengu Fighter, began the quest for the Orb.
     0 | D:1      | Reached XP level 1. HP: 14/14 MP: 1/1
   463 | D:1      | Reached XP level 2. HP: 16/19 MP: 3/3
   850 | D:2      | Reached skill level 1 in Dodging
   850 | D:2      | Reached XP level 3. HP: 16/23 MP: 4/4
  1537 | D:2      | Reached XP level 4. HP: 25/28 MP: 5/5
  1604 | D:2      | Found a bloodstained altar of Trog.
  2079 | D:3      | Found a glowing golden altar of the Shining One.
  2635 | D:4      | Reached XP level 5. HP: 29/33 MP: 7/7
  2668 | D:4      | Noticed Edmund
  2695 | D:4      | Killed Edmund
  2695 | D:4      | Reached skill level 4 in Fighting
  2695 | D:4      | Reached XP level 6. HP: 27/38 MP: 8/8
  3035 | D:4      | Noticed an ogre
  3039 | D:4      | Killed an ogre
  3216 | D:4      | Noticed Dowan
  3220 | D:4      | Noticed Duvessa
  3223 | D:4      | Killed Duvessa
  3223 | D:4      | Reached XP level 7. HP: 37/43 MP: 9/9
  3226 | D:4      | Killed Dowan
  3444 | D:5      | Entered Level 5 of the Dungeon
  3585 | D:5      | Reached skill level 5 in Long Blades
  4108 | D:5      | Found a deep blue altar of Sif Muna.
  4585 | D:5      | Reached XP level 8. HP: 45/48 MP: 11/11
  4673 | D:6      | Reached skill level 6 in Long Blades
  4855 | D:6      | Reached skill level 5 in Armour
  4940 | D:6      | Reached skill level 5 in Fighting
  5149 | D:6      | Found a staircase to the Ecumenical Temple.
  5190 | Temple   | Entered the Ecumenical Temple
  5216 | Temple   | Became a worshipper of Warmaster Okawaru
  6185 | D:6      | Reached skill level 7 in Long Blades
  6185 | D:6      | Reached skill level 5 in Shields
  6649 | D:7      | Reached skill level 5 in Dodging
  6679 | D:7      | Reached XP level 9. HP: 32/54 MP: 12/12
  7129 | D:7      | Noticed Sigmund
  7138 | D:7      | Killed Sigmund
  7172 | D:7      | Acquired Okawaru's first power
  7468 | D:7      | Reached skill level 8 in Long Blades
  8335 | D:8      | Noticed Eustachio
  8713 | D:8      | Reached skill level 9 in Long Blades
  8713 | D:8      | Reached XP level 10. HP: 15/61 MP: 13/13
  9073 | D:8      | Killed Eustachio
  9570 | D:8      | Found a shattered altar of Ashenzari.
 10172 | D:8      | Noticed Maurice
 10193 | D:8      | Killed Maurice
 10290 | D:8      | HP: 2/63 [ogre/giant club (21)]
 10382 | D:7      | HP: 2/63 [giant frog (4)]
 10383 | D:7      | Reached skill level 10 in Long Blades
 12067 | D:9      | Found Zeimi's Jewellery Boutique.
 12074 | D:9      | Bought an uncursed amulet of clarity for 260 gold pieces
 12089 | D:9      | Found a staircase to the Lair.
 12503 | D:9      | Paralysed by a giant eyeball for 3 turns
 12509 | D:9      | Paralysed by a giant eyeball for 3 turns
 12655 | D:9      | Found a glowing silver altar of Zin.
 12655 | D:9      | Noticed an angel
 12997 | Lair:1   | Entered Level 1 of the Lair of Beasts
 13069 | Lair:1   | Reached XP level 11. HP: 64/67 MP: 15/15
 13294 | Lair:1   | Noticed Piginabag's ghost (powerful FoCK)
 13385 | Lair:1   | Reached skill level 11 in Long Blades
 13704 | Lair:1   | Noticed a seven-headed hydra
 14069 | Lair:2   | Found a frozen archway.
 14159 | IceCv    | Entered an ice cave
 14193 | IceCv    | Acquired Okawaru's second power
 15085 | IceCv    | Noticed an ice statue
 15150 | IceCv    | Received a gift from Okawaru
 15399 | IceCv    | Gained mutation: You have a pair of small horns on your head. [potion of beneficial mutation]
 15531 | IceCv    | Noticed a frost giant
 15637 | IceCv    | Mangled by a polar bear

Action                   |  1- 3 |  4- 6 |  7- 9 | 10-12 || total
-------------------------+-------+-------+-------+-------++-------
Melee: Falchion          |    87 |   113 |    75 |       ||   275
       Long sword        |       |       |   303 |   785 ||  1088
       Great sword       |       |       |    72 |       ||    72
Invok: Heroism           |       |       |       |     1 ||     1
 Abil: Fly               |       |       |       |     2 ||     2
Evoke: Wand              |       |       |       |    13 ||    13
  Use: Scroll            |     1 |    13 |     8 |     9 ||    31
       Potion            |       |     2 |     3 |     8 ||    13
 Stab: Fleeing           |       |       |       |     1 ||     1
